1952 views
Uploaded 2022-12-15 22:17:45
Game version 1.32.10
20:19 long 4on4 ladder game on (8)TwilightRuins_LV
Saved by DKnight
1952 views
Uploaded 2022-12-15 22:17:45
Game version 1.32.10
20:19 long 4on4 ladder game on (8)TwilightRuins_LV


173 units @ 23k
/ 2.9k
74 buildings @ 11.5k
/ 4.7k

| Scroll of Town Portal | 1 | 350 |
| total: | 1 | 350g |
| Wisp | 22 | 1320 | / | 0 |
| Archer | 4 | 520 | / | 40 |
| Huntress | 4 | 780 | / | 80 |
| Mountain Giant | 3 | 1050 | / | 300 |
| Faerie Dragon | 2 | 310 | / | 50 |
| Hippogryph | 14 | 2240 | / | 280 |
| Chimaera | 2 | 660 | / | 140 |
| Dryad | 8 | 1160 | / | 480 |
| Goblin Shredder | 1 | 375 | / | 100 |
| total: | 60 | 8415g | / | 1470w |
| Altar of Elders | 1 | 180 | / | 50 |
| Moon Well | 6 | 1080 | / | 240 |
| Ancient of War | 1 | 150 | / | 60 |
| Ancient of Wonders | 1 | 90 | / | 30 |
| Hunter's Hall | 1 | 210 | / | 100 |
| Tree of Life | 1 | 340 | / | 185 |
| Ancient of Lore | 2 | 310 | / | 290 |
| Ancient of Wind | 1 | 150 | / | 140 |
| Chimaera Roost | 2 | 280 | / | 380 |
| Tree of Ages | 1 | 320 | / | 180 |
| Tree of Eternity | 1 | 330 | / | 200 |
| total: | 16 | 2790g | / | 1475w |
| 0:03 | Wisp |
| 0:03 | Wisp |
| 0:04 | Wisp |
| 0:04 | Wisp |
| 1:13 | Wisp |
| 1:13 | Wisp |
| 1:13 | Wisp |
| 1:21 | Altar of Elders |
| 1:27 | Moon Well |
| 1:33 | Ancient of War |
| 1:45 | Moon Well |
| 1:55 | Wisp |
| 1:55 | Wisp |
| 1:55 | Wisp |
| 1:55 | Wisp |
| 1:56 | Wisp |
| 2:08 | Ancient of Wonders |
| 2:37 | Archer |
| 2:37 | Archer |
| 2:48 | Archer |
| 3:23 | Tree of Ages |
| 3:26 | Force of Nature |
| 3:38 | Hunter's Hall |
| 3:45 | Moon Well |
| 4:11 | Archer |
| 4:42 | Huntress |
| 4:43 | Huntress |
| 5:01 | Entangling Roots |
| 5:21 | Moon Well |
| 6:07 | Thorns Aura |
| 6:26 | Nature's Blessing |
| 6:31 | Huntress |
| 6:31 | Huntress |
| 6:54 | Tree of Life |
| 6:58 | Ancient of Lore |
| 7:00 | Ancient of Wind |
| 7:52 | Ancient of Lore |
| 7:54 | Wisp |
| 7:54 | Wisp |
| 7:54 | Wisp |
| 7:54 | Wisp |
| 7:54 | Wisp |
| 7:57 | Reinforced Hides |
| 7:58 | Strength of the Wild |
| 7:58 | Ultravision |
| 8:55 | Force of Nature |
| 9:26 | Tree of Eternity |
| 9:29 | Goblin Shredder |
| 10:11 | Mountain Giant |
| 10:12 | Wisp |
| 10:13 | Wisp |
| 10:13 | Wisp |
| 10:13 | Wisp |
| 10:13 | Wisp |
| 10:33 | Mountain Giant |
| 11:16 | Mountain Giant |
| 11:18 | Faerie Dragon |
| 11:18 | Faerie Dragon |
| 12:03 | Chimaera Roost |
| 12:06 | Chimaera Roost |
| 12:07 | Hardened Skin |
| 12:08 | Resistant Skin |
| 12:16 | Moon Well |
| 12:20 | Moon Well |
| 12:37 | Well Spring |
| 12:37 | Improved Reinforced Hides |
| 13:36 | Hippogryph |
| 13:36 | Hippogryph |
| 13:36 | Hippogryph |
| 13:37 | Hippogryph |
| 13:37 | Hippogryph |
| 13:57 | Force of Nature |
| 14:30 | Chimaera |
| 14:31 | Chimaera |
| 14:32 | Corrosive Breath |
| 14:52 | Abolish Magic |
| 14:53 | Dryad |
| 14:54 | Dryad |
| 15:23 | Scroll of Town Portal |
| 15:37 | Advanced Reinforced Hides |
| 17:17 | Tranquility |
| 17:19 | Hippogryph |
| 17:19 | Hippogryph |
| 17:19 | Hippogryph |
| 17:19 | Hippogryph |
| 17:20 | Dryad |
| 17:20 | Dryad |
| 17:22 | Dryad |
| 17:22 | Dryad |
| 18:15 | Hippogryph |
| 18:17 | Dryad |
| 18:17 | Dryad |
| 19:13 | Hippogryph |
| 19:13 | Hippogryph |
| 19:15 | Hippogryph |
| 19:15 | Hippogryph |
| Right click | 485 |
| Select | 257 |
| Build/train/purchase | 94 |
| Use ability | 34 |
| Misc. action | 15 |
| Select group | 14 |
| Chat | 9 |
| Minimap ping | 5 |
| Assign group | 4 |
| Item give/drop | 1 |
| Remove unit | 1 |



| Lesser Clarity Potion | 3 | 210 |
| Healing Salve | 1 | 100 |
| Circlet of Nobility | 1 | 175 |
| Potion of Lesser Invulnerability | 1 | 150 |
| Ring of Protection +3 | 1 | 125 |
| total: | 7 | 760g |
| Peon | 12 | 900 | / | 0 |
| Wind Rider | 9 | 2385 | / | 360 |
| Kodo Beast | 1 | 255 | / | 60 |
| Goblin Shredder | 1 | 375 | / | 100 |
| total: | 23 | 3915g | / | 520w |
| Watch Tower | 2 | 220 | / | 160 |
| Altar of Storms | 1 | 180 | / | 50 |
| Orc Burrow | 7 | 1120 | / | 280 |
| War Mill | 1 | 205 | / | 0 |
| Voodoo Lounge | 2 | 260 | / | 60 |
| Great Hall | 2 | 770 | / | 370 |
| Beastiary | 3 | 435 | / | 420 |
| Stronghold | 1 | 315 | / | 190 |
| Fortress | 1 | 325 | / | 190 |
| total: | 18 | 3190g | / | 1340w |
| 0:03 | Peon |
| 0:03 | Peon |
| 0:21 | Altar of Storms |
| 0:28 | Orc Burrow |
| 0:30 | Peon |
| 0:35 | Peon |
| 0:37 | Peon |
| 0:38 | Peon |
| 0:58 | War Mill |
| 1:18 | Peon |
| 1:38 | Peon |
| 2:03 | Stronghold |
| 2:06 | Voodoo Lounge |
| 2:20 | Orc Burrow |
| 2:24 | Feral Spirit |
| 2:33 | Orc Burrow |
| 3:59 | Steel Ranged Weapons |
| 4:13 | Chain Lighting |
| 4:45 | Beastiary |
| 4:50 | Beastiary |
| 5:10 | Goblin Shredder |
| 5:30 | War Stomp |
| 5:32 | Lesser Clarity Potion |
| 5:33 | Lesser Clarity Potion |
| 5:50 | Wind Rider |
| 5:58 | Ring of Protection +3 |
| 6:29 | Orc Burrow |
| 6:47 | Circlet of Nobility |
| 6:57 | Orc Burrow |
| 6:58 | Steel Armor |
| 7:02 | Fortress |
| 7:04 | Lesser Clarity Potion |
| 7:05 | Healing Salve |
| 7:31 | Great Hall |
| 7:57 | Wind Rider |
| 8:03 | Feral Spirit |
| 8:04 | Endurance Aura |
| 8:38 | Wind Rider |
| 9:21 | Great Hall |
| 9:38 | Watch Tower |
| 9:41 | Orc Burrow |
| 9:47 | Voodoo Lounge |
| 10:41 | Watch Tower |
| 10:49 | Thorium Ranged Weapons |
| 11:01 | Envenomed Spears |
| 11:26 | Wind Rider |
| 12:00 | Endurance Aura |
| 12:04 | Wind Rider |
| 12:18 | Spiked Barricades |
| 12:34 | Potion of Lesser Invulnerability |
| 12:42 | Wind Rider |
| 13:14 | Beastiary |
| 13:19 | Orc Burrow |
| 13:34 | Reinforced Defenses |
| 14:27 | Chain Lighting |
| 14:51 | Wind Rider |
| 14:56 | Peon |
| 14:57 | Peon |
| 15:08 | War Drums Damage Increase |
| 15:19 | Peon |
| 15:19 | Peon |
| 15:26 | Healing Wave |
| 15:46 | Kodo Beast |
| 16:16 | Wind Rider |
| 17:18 | Wind Rider |
| Select group | 707 |
| Right click | 654 |
| Select | 229 |
| Assign group | 91 |
| Build/train/purchase | 77 |
| Misc. action | 33 |
| Use ability | 17 |
| Minimap ping | 2 |
| Item give/drop | 1 |

| Healing Salve | 2 | 200 |
| total: | 2 | 200g |
| Peasant | 18 | 1350 | / | 0 |
| Footman | 2 | 270 | / | 0 |
| Rifleman | 15 | 3075 | / | 450 |
| total: | 35 | 4695g | / | 450w |
| Scout Tower | 5 | 150 | / | 100 |
| Guard Tower | 4 | 280 | / | 200 |
| Arcane Tower | 1 | 70 | / | 50 |
| Altar of Kings | 1 | 180 | / | 50 |
| Farm | 9 | 720 | / | 180 |
| Blacksmith | 1 | 140 | / | 60 |
| Barracks | 1 | 160 | / | 60 |
| Arcane Vault | 1 | 130 | / | 30 |
| Lumber Mill | 1 | 120 | / | 0 |
| Town Hall | 1 | 385 | / | 205 |
| Keep | 1 | 320 | / | 210 |
| total: | 20 | 1985g | / | 685w |
| 0:03 | Peasant |
| 0:03 | Peasant |
| 0:08 | Altar of Kings |
| 0:14 | Farm |
| 0:56 | Blacksmith |
| 0:59 | Peasant |
| 0:59 | Peasant |
| 1:19 | Farm |
| 1:48 | Devotion Aura |
| 2:03 | Barracks |
| 2:47 | Farm |
| 2:50 | Peasant |
| 2:50 | Peasant |
| 2:58 | Farm |
| 3:06 | Arcane Vault |
| 3:13 | Lumber Mill |
| 3:38 | Footman |
| 3:38 | Footman |
| 3:43 | Peasant |
| 3:43 | Peasant |
| 4:24 | Peasant |
| 4:24 | Peasant |
| 4:30 | Farm |
| 4:32 | Rifleman |
| 5:12 | Rifleman |
| 5:12 | Rifleman |
| 5:20 | Improved Lumber Harvesting |
| 5:25 | Divine Shield |
| 5:28 | Healing Salve |
| 5:28 | Healing Salve |
| 6:36 | Rifleman |
| 6:40 | Farm |
| 6:45 | Farm |
| 6:47 | Improved Masonry |
| 7:00 | Rifleman |
| 7:15 | Black Gunpowder |
| 7:15 | Studded Leather Armor |
| 7:28 | Scout Tower |
| 7:30 | Scout Tower |
| 8:14 | Guard Tower |
| 8:16 | Guard Tower |
| 8:52 | Scout Tower |
| 8:53 | Rifleman |
| 8:53 | Rifleman |
| 8:58 | Devotion Aura |
| 9:16 | Farm |
| 9:30 | Arcane Tower |
| 9:36 | Keep |
| 9:46 | Farm |
| 10:35 | Rifleman |
| 11:30 | Rifleman |
| 12:05 | Peasant |
| 12:05 | Peasant |
| 12:33 | Peasant |
| 12:33 | Peasant |
| 13:11 | Peasant |
| 13:12 | Peasant |
| 13:28 | Advanced Masonry |
| 13:34 | Scout Tower |
| 13:41 | Scout Tower |
| 13:52 | Rifleman |
| 14:09 | Peasant |
| 14:09 | Peasant |
| 14:37 | Rifleman |
| 14:52 | Refined Gunpowder |
| 15:07 | Rifleman |
| 15:11 | Guard Tower |
| 15:18 | Guard Tower |
| 15:46 | Rifleman |
| 16:03 | Rifleman |
| 16:25 | Rifleman |
| 16:28 | Long Rifles |
| 17:04 | Divine Shield |
| 17:29 | Town Hall |
| 17:46 | Reinforced Leather Armor |
| Right click | 302 |
| Select | 264 |
| Select group | 191 |
| Misc. action | 115 |
| Build/train/purchase | 75 |
| Assign group | 52 |
| Resource trade | 13 |
| Use ability | 11 |
| Minimap ping | 3 |

| Orb of Venom | 1 | 325 |
| Potion of Healing | 1 | 150 |
| Scroll of Town Portal | 1 | 350 |
| total: | 3 | 825g |
| Wisp | 23 | 1380 | / | 0 |
| Archer | 17 | 2210 | / | 170 |
| Hippogryph | 15 | 2400 | / | 300 |
| total: | 55 | 5990g | / | 470w |
| Moon Well | 11 | 1980 | / | 440 |
| Altar of Elders | 1 | 180 | / | 50 |
| Ancient of War | 2 | 300 | / | 120 |
| Hunter's Hall | 1 | 210 | / | 100 |
| Ancient of Wonders | 2 | 180 | / | 60 |
| Tree of Life | 1 | 340 | / | 185 |
| Ancient of Wind | 2 | 300 | / | 280 |
| Tree of Ages | 1 | 320 | / | 180 |
| Tree of Eternity | 1 | 330 | / | 200 |
| total: | 20 | 3490g | / | 1235w |
| 0:05 | Wisp |
| 0:05 | Wisp |
| 0:11 | Moon Well |
| 0:18 | Altar of Elders |
| 0:29 | Ancient of War |
| 0:35 | Wisp |
| 0:50 | Wisp |
| 1:09 | Wisp |
| 1:33 | Ancient of War |
| 1:39 | Archer |
| 1:42 | Wisp |
| 2:02 | Archer |
| 2:31 | Hunter's Hall |
| 2:33 | Wisp |
| 2:40 | Breath of Fire |
| 2:46 | Wisp |
| 2:50 | Moon Well |
| 3:47 | Archer |
| 3:47 | Archer |
| 3:48 | Archer |
| 3:50 | Wisp |
| 3:50 | Wisp |
| 3:50 | Wisp |
| 4:00 | Moon Well |
| 4:07 | Moon Well |
| 4:18 | Moon Well |
| 4:24 | Moon Well |
| 4:48 | Tree of Ages |
| 5:22 | Archer |
| 5:35 | Drunken Haze |
| 5:43 | Strength of the Moon |
| 5:54 | Ancient of Wonders |
| 6:03 | Ancient of Wonders |
| 6:13 | Moon Armor |
| 6:32 | Archer |
| 7:00 | Archer |
| 7:13 | Ancient of Wind |
| 7:36 | Tree of Life |
| 7:46 | Improved Bows |
| 7:55 | Ancient of Wind |
| 8:43 | Hippogryph |
| 8:43 | Hippogryph |
| 8:46 | Tree of Eternity |
| 8:54 | Moon Well |
| 8:57 | Archer |
| 9:04 | Moon Well |
| 9:07 | Hippogryph |
| 9:40 | Wisp |
| 9:40 | Wisp |
| 9:40 | Wisp |
| 9:41 | Wisp |
| 9:42 | Wisp |
| 10:00 | Moon Well |
| 10:16 | Improved Moon Armor |
| 10:39 | Hippogryph |
| 10:43 | Breath of Fire |
| 10:54 | Hippogryph |
| 12:08 | Improved Strength of the Moon |
| 12:10 | Hippogryph |
| 12:14 | Wisp |
| 12:14 | Wisp |
| 12:14 | Wisp |
| 12:34 | Hippogryph |
| 12:37 | Drunken Haze |
| 12:42 | Wisp |
| 12:42 | Wisp |
| 13:05 | Marksmanship |
| 13:08 | Wisp |
| 13:08 | Wisp |
| 13:15 | Hippogryph |
| 13:29 | Orb of Venom |
| 13:30 | Scroll of Town Portal |
| 13:31 | Potion of Healing |
| 13:57 | Hippogryph |
| 14:02 | Archer |
| 14:06 | Advanced Moon Armor |
| 14:53 | Hippogryph |
| 14:55 | Hippogryph |
| 14:58 | Archer |
| 15:05 | Advanced Strength of the Moon |
| 15:14 | Moon Well |
| 15:43 | Moon Well |
| 15:52 | Ultravision |
| 15:53 | Well Spring |
| 16:41 | Breath of Fire |
| 17:19 | Hippogryph |
| 17:19 | Hippogryph |
| 17:19 | Hippogryph |
| 17:21 | Archer |
| 17:21 | Archer |
| 17:22 | Archer |
| 17:45 | Archer |
| 17:45 | Archer |
| 18:11 | Hippogryph |
| 18:15 | Strength of the Wild |
| 18:34 | Archer |
| Select | 277 |
| Select group | 245 |
| Right click | 223 |
| Build/train/purchase | 101 |
| Assign group | 78 |
| Misc. action | 64 |
| Use ability | 28 |
| Remove unit | 5 |
| Item give/drop | 4 |
| Minimap ping | 3 |
161 units @ 22.7k
/ 3.1k
72 buildings @ 11.8k
/ 4.6k


| Rod of Necromancy | 2 | 300 |
| Orb of Corruption | 1 | 375 |
| Potion of Healing | 1 | 150 |
| Scroll of Healing | 1 | 250 |
| Scroll of Town Portal | 1 | 350 |
| total: | 6 | 1425g |
| Acolyte | 3 | 225 | / | 0 |
| Ghoul | 4 | 480 | / | 0 |
| Crypt Fiend | 7 | 1505 | / | 280 |
| Obsidian Statue | 2 | 400 | / | 70 |
| Abomination | 6 | 1440 | / | 420 |
| total: | 22 | 4050g | / | 770w |
| Crypt | 1 | 200 | / | 50 |
| Graveyard | 1 | 215 | / | 0 |
| Ziggurat | 5 | 750 | / | 250 |
| Altar of Darkness | 1 | 180 | / | 50 |
| Tomb of Relics | 1 | 130 | / | 30 |
| Slaughterhouse | 1 | 140 | / | 135 |
| Halls of the Dead | 1 | 320 | / | 210 |
| Black Citadel | 1 | 325 | / | 230 |
| total: | 10 | 1615g | / | 515w |
| 0:03 | Acolyte |
| 0:03 | Acolyte |
| 0:08 | Crypt |
| 0:28 | Graveyard |
| 0:37 | Ziggurat |
| 0:59 | Altar of Darkness |
| 1:09 | Ghoul |
| 1:24 | Ghoul |
| 1:45 | Tomb of Relics |
| 1:47 | Ghoul |
| 2:12 | Ziggurat |
| 2:18 | Ghoul |
| 2:47 | Halls of the Dead |
| 3:02 | Death Coil |
| 3:03 | Rod of Necromancy |
| 3:30 | Crypt Fiend |
| 3:48 | Crypt Fiend |
| 4:17 | Ziggurat |
| 4:37 | Unholy Aura |
| 4:40 | Crypt Fiend |
| 5:22 | Slaughterhouse |
| 5:52 | Crypt Fiend |
| 5:55 | Ziggurat |
| 6:17 | Rod of Necromancy |
| 6:20 | Burrow |
| 6:36 | Frost Nova |
| 6:40 | Obsidian Statue |
| 6:53 | Death Coil |
| 7:05 | Black Citadel |
| 8:10 | Crypt Fiend |
| 8:11 | Web |
| 8:14 | Obsidian Statue |
| 8:55 | Dark Ritual |
| 9:32 | Acolyte |
| 9:34 | Orb of Corruption |
| 9:36 | Scroll of Healing |
| 9:41 | Abomination |
| 9:43 | Destroyer Form |
| 10:36 | Crypt Fiend |
| 10:57 | Disease Cloud |
| 11:01 | Ziggurat |
| 12:26 | Unholy Aura |
| 12:29 | Abomination |
| 12:46 | Potion of Healing |
| 12:54 | Scroll of Town Portal |
| 14:29 | Frost Nova |
| 14:34 | Crypt Fiend |
| 14:35 | Abomination |
| 14:58 | Unholy Strength |
| 14:59 | Unholy Armor |
| 15:08 | Death Coil |
| 16:13 | Abomination |
| 16:16 | Improved Unholy Strength |
| 16:56 | Dark Ritual |
| 17:09 | Abomination |
| 17:33 | Animate Dead |
| 17:42 | Frost Nova |
| 17:46 | Abomination |
| 19:20 | Advanced Unholy Strength |
| 19:21 | Improved Unholy Armor |
| 20:05 | Unholy Aura |
| 20:08 | Death and Decay |
| Right click | 911 |
| Select group | 754 |
| Select | 343 |
| Misc. action | 96 |
| Build/train/purchase | 92 |
| Use ability | 41 |
| Assign group | 36 |
| Resource trade | 5 |
| Item give/drop | 4 |
| Minimap ping | 1 |


| Rod of Necromancy | 2 | 300 |
| Sacrificial Skull | 1 | 50 |
| Potion of Healing | 2 | 300 |
| Orb of Corruption | 1 | 375 |
| Scroll of Town Portal | 1 | 350 |
| Scroll of Healing | 1 | 250 |
| total: | 8 | 1625g |
| Acolyte | 9 | 675 | / | 0 |
| Ghoul | 10 | 1200 | / | 0 |
| Crypt Fiend | 12 | 2580 | / | 480 |
| Obsidian Statue | 14 | 2800 | / | 490 |
| total: | 45 | 7255g | / | 970w |
| Altar of Darkness | 1 | 180 | / | 50 |
| Crypt | 2 | 400 | / | 100 |
| Ziggurat | 7 | 1050 | / | 350 |
| Tomb of Relics | 1 | 130 | / | 30 |
| Graveyard | 1 | 215 | / | 0 |
| Slaughterhouse | 1 | 140 | / | 135 |
| Halls of the Dead | 1 | 320 | / | 210 |
| Black Citadel | 1 | 325 | / | 230 |
| total: | 13 | 2115g | / | 665w |
| 0:01 | Acolyte |
| 0:10 | Altar of Darkness |
| 0:12 | Crypt |
| 0:25 | Ziggurat |
| 0:33 | Acolyte |
| 0:33 | Acolyte |
| 0:33 | Acolyte |
| 1:06 | Tomb of Relics |
| 1:13 | Ghoul |
| 1:32 | Ghoul |
| 1:49 | Ghoul |
| 2:09 | Ghoul |
| 2:16 | Ziggurat |
| 2:24 | Rod of Necromancy |
| 2:28 | Sacrificial Skull |
| 2:35 | Death Coil |
| 3:08 | Acolyte |
| 3:09 | Ghoul |
| 3:29 | Ghoul |
| 3:29 | Ghoul |
| 3:33 | Graveyard |
| 3:36 | Acolyte |
| 3:36 | Acolyte |
| 4:24 | Acolyte |
| 4:24 | Acolyte |
| 4:26 | Ghoul |
| 4:32 | Unholy Aura |
| 4:46 | Ghoul |
| 4:57 | Halls of the Dead |
| 5:44 | Crypt Fiend |
| 5:46 | Ziggurat |
| 5:47 | Ziggurat |
| 5:53 | Crypt |
| 6:59 | Death Coil |
| 7:53 | Crypt Fiend |
| 7:56 | Slaughterhouse |
| 9:01 | Obsidian Statue |
| 9:01 | Black Citadel |
| 9:03 | Rod of Necromancy |
| 9:05 | Potion of Healing |
| 9:08 | Crypt Fiend |
| 9:10 | Creature Attack |
| 9:26 | Obsidian Statue |
| 9:27 | Unholy Aura |
| 9:43 | Crypt Fiend |
| 9:45 | Ziggurat |
| 9:47 | Ziggurat |
| 9:50 | Frost Nova |
| 11:02 | Crypt Fiend |
| 11:02 | Crypt Fiend |
| 11:03 | Improved Creature Attack |
| 11:44 | Frost Armor |
| 11:54 | Stone Form |
| 11:55 | Web |
| 11:58 | Scroll of Town Portal |
| 11:58 | Orb of Corruption |
| 12:02 | Potion of Healing |
| 12:02 | Scroll of Healing |
| 12:33 | Destroyer Form |
| 12:38 | Ghoul |
| 12:41 | Crypt Fiend |
| 13:20 | Burrow |
| 13:20 | Crypt Fiend |
| 13:56 | Obsidian Statue |
| 13:56 | Obsidian Statue |
| 14:00 | Crypt Fiend |
| 14:38 | Death Coil |
| 15:08 | Advanced Creature Attack |
| 15:11 | Obsidian Statue |
| 15:29 | Frost Nova |
| 16:15 | Ziggurat |
| 16:18 | Ghoul Frenzy |
| 17:07 | Dark Ritual |
| 17:16 | Unholy Aura |
| 17:41 | Crypt Fiend |
| 17:42 | Crypt Fiend |
| 17:42 | Crypt Fiend |
| 19:03 | Frost Nova |
| 19:21 | Obsidian Statue |
| 19:21 | Obsidian Statue |
| 19:21 | Obsidian Statue |
| 19:21 | Obsidian Statue |
| 19:21 | Obsidian Statue |
| 19:21 | Obsidian Statue |
| 19:22 | Obsidian Statue |
| 19:22 | Obsidian Statue |
| 19:22 | Obsidian Statue |
| 19:57 | Animate Dead |
| Right click | 712 |
| Select | 364 |
| Select group | 142 |
| Build/train/purchase | 140 |
| Chat | 85 |
| Use ability | 51 |
| Assign group | 43 |
| Misc. action | 17 |
| Resource trade | 12 |
| Item give/drop | 8 |
| Minimap ping | 1 |

| Healing Salve | 3 | 300 |
| Lesser Clarity Potion | 4 | 280 |
| Potion of Mana | 1 | 200 |
| Potion of Healing | 1 | 150 |
| Scroll of Speed | 1 | 50 |
| Orb of Lightning | 1 | 375 |
| Scroll of Healing | 1 | 250 |
| Scroll of Town Portal | 3 | 1050 |
| Boots of Speed | 1 | 250 |
| Potion of Lesser Invulnerability | 1 | 150 |
| total: | 17 | 3055g |
| Peon | 12 | 900 | / | 0 |
| Troll Headhunter | 9 | 1260 | / | 180 |
| Troll Berserker | 9 | 1260 | / | 180 |
| Shaman | 3 | 390 | / | 60 |
| total: | 33 | 3810g | / | 420w |
| Watch Tower | 4 | 440 | / | 320 |
| War Mill | 2 | 410 | / | 0 |
| Orc Burrow | 10 | 1600 | / | 400 |
| Altar of Storms | 1 | 180 | / | 50 |
| Barracks | 2 | 360 | / | 100 |
| Voodoo Lounge | 2 | 260 | / | 60 |
| Great Hall | 1 | 385 | / | 185 |
| Spirit Lodge | 1 | 150 | / | 150 |
| Stronghold | 1 | 315 | / | 190 |
| Fortress | 1 | 325 | / | 190 |
| total: | 23 | 3785g | / | 1265w |
| 1:01 | Peon |
| 1:01 | Peon |
| 1:13 | War Mill |
| 1:18 | Orc Burrow |
| 1:21 | Orc Burrow |
| 1:23 | Orc Burrow |
| 1:32 | Peon |
| 1:39 | Altar of Storms |
| 1:42 | Peon |
| 2:10 | Barracks |
| 2:24 | Peon |
| 2:30 | Peon |
| 2:52 | Orc Burrow |
| 3:16 | Voodoo Lounge |
| 3:19 | Voodoo Lounge |
| 3:23 | Spiked Barricades |
| 3:28 | Orc Burrow |
| 3:40 | Troll Headhunter |
| 3:45 | War Stomp |
| 3:58 | Troll Headhunter |
| 4:29 | Barracks |
| 4:34 | Troll Headhunter |
| 5:28 | Endurance Aura |
| 5:53 | Great Hall |
| 6:08 | Stronghold |
| 6:10 | Healing Salve |
| 6:11 | Lesser Clarity Potion |
| 6:15 | Troll Headhunter |
| 6:17 | Lesser Clarity Potion |
| 6:30 | Troll Headhunter |
| 7:18 | War Stomp |
| 7:23 | Boots of Speed |
| 7:25 | Potion of Lesser Invulnerability |
| 7:34 | Scroll of Healing |
| 7:46 | Watch Tower |
| 7:47 | Watch Tower |
| 8:54 | Troll Headhunter |
| 8:56 | Troll Regeneration |
| 8:57 | Troll Headhunter |
| 9:05 | Peon |
| 9:05 | Peon |
| 9:05 | Peon |
| 9:07 | Peon |
| 9:17 | Watch Tower |
| 9:38 | Troll Headhunter |
| 9:51 | Fortress |
| 10:28 | Orc Burrow |
| 10:34 | War Mill |
| 10:37 | Reinforced Defenses |
| 11:19 | Endurance Aura |
| 11:53 | Troll Headhunter |
| 11:57 | Healing Salve |
| 12:01 | Lesser Clarity Potion |
| 12:05 | Lesser Clarity Potion |
| 12:11 | Potion of Mana |
| 12:14 | Potion of Healing |
| 12:19 | Healing Salve |
| 12:20 | Scroll of Town Portal |
| 12:30 | Scroll of Speed |
| 12:49 | Watch Tower |
| 12:54 | Berserker Upgrade |
| 13:29 | Steel Ranged Weapons |
| 13:30 | Steel Armor |
| 14:09 | War Stomp |
| 14:42 | Troll Berserker |
| 14:54 | Scroll of Town Portal |
| 15:04 | Orb of Lightning |
| 15:08 | Troll Berserker |
| 15:09 | Troll Berserker |
| 15:09 | Troll Berserker |
| 15:14 | Spirit Lodge |
| 15:18 | Orc Burrow |
| 15:20 | Orc Burrow |
| 15:23 | Orc Burrow |
| 15:24 | Orc Burrow |
| 15:35 | Peon |
| 15:36 | Peon |
| 15:54 | Thorium Ranged Weapons |
| 16:03 | Thorium Armor |
| 16:39 | Scroll of Town Portal |
| 16:47 | Shaman Adept Training |
| 16:51 | Troll Berserker |
| 17:33 | Reincarnation |
| 17:45 | Arcanite Ranged Weapons |
| 18:18 | Shaman |
| 18:18 | Shaman |
| 18:27 | Troll Berserker |
| 18:57 | Troll Berserker |
| 18:58 | Troll Berserker |
| 18:58 | Troll Berserker |
| 19:06 | Shaman Master Training |
| 19:08 | Shaman |
| 19:57 | Endurance Aura |
| Right click | 628 |
| Select | 241 |
| Select group | 176 |
| Build/train/purchase | 105 |
| Assign group | 97 |
| Chat | 24 |
| Misc. action | 22 |
| Use ability | 14 |
| Item give/drop | 11 |
| Remove unit | 1 |
| Minimap ping | 1 |

| Wisp | 42 | 2520 | / | 0 |
| Archer | 6 | 780 | / | 60 |
| Chimaera | 13 | 4290 | / | 910 |
| total: | 61 | 7590g | / | 970w |
| Ancient Protector | 10 | 1350 | / | 800 |
| Moon Well | 9 | 1620 | / | 360 |
| Altar of Elders | 1 | 180 | / | 50 |
| Ancient of War | 1 | 150 | / | 60 |
| Hunter's Hall | 1 | 210 | / | 100 |
| Tree of Life | 1 | 340 | / | 185 |
| Chimaera Roost | 3 | 420 | / | 570 |
| Tree of Ages | 1 | 320 | / | 180 |
| Tree of Eternity | 1 | 330 | / | 200 |
| total: | 26 | 4270g | / | 2125w |
| 0:04 | Wisp |
| 0:04 | Wisp |
| 0:04 | Wisp |
| 0:04 | Wisp |
| 0:04 | Wisp |
| 0:05 | Wisp |
| 0:05 | Wisp |
| 0:47 | Moon Well |
| 0:51 | Altar of Elders |
| 0:53 | Wisp |
| 0:53 | Wisp |
| 0:53 | Wisp |
| 0:53 | Wisp |
| 1:49 | Moon Well |
| 1:55 | Ancient of War |
| 2:55 | Hunter's Hall |
| 2:59 | Archer |
| 2:59 | Archer |
| 3:00 | Archer |
| 3:03 | Immolation |
| 3:17 | Tree of Ages |
| 4:14 | Ancient Protector |
| 4:15 | Archer |
| 4:15 | Archer |
| 4:16 | Archer |
| 6:39 | Ancient Protector |
| 6:45 | Reinforced Hides |
| 6:47 | Tree of Eternity |
| 6:57 | Moon Well |
| 7:02 | Ancient Protector |
| 7:39 | Improved Bows |
| 7:45 | Strength of the Wild |
| 7:46 | Improved Reinforced Hides |
| 7:52 | Evasion |
| 8:23 | Immolation |
| 8:53 | Tree of Life |
| 8:59 | Ancient Protector |
| 9:08 | Wisp |
| 9:08 | Wisp |
| 9:08 | Wisp |
| 9:08 | Wisp |
| 9:08 | Wisp |
| 9:09 | Wisp |
| 9:09 | Wisp |
| 9:09 | Wisp |
| 9:21 | Chimaera Roost |
| 9:49 | Chimaera Roost |
| 10:27 | Wisp |
| 10:27 | Wisp |
| 10:27 | Wisp |
| 10:27 | Wisp |
| 10:27 | Wisp |
| 10:27 | Wisp |
| 11:37 | Ancient Protector |
| 11:40 | Ancient Protector |
| 11:42 | Wisp |
| 11:42 | Wisp |
| 11:42 | Wisp |
| 11:42 | Wisp |
| 11:43 | Wisp |
| 11:43 | Wisp |
| 11:43 | Wisp |
| 11:43 | Wisp |
| 11:50 | Corrosive Breath |
| 11:52 | Chimaera |
| 12:00 | Improved Strength of the Wild |
| 12:31 | Chimaera |
| 12:52 | Ancient Protector |
| 12:54 | Chimaera |
| 12:58 | Chimaera Roost |
| 13:05 | Moon Well |
| 13:07 | Moon Well |
| 14:27 | Chimaera |
| 14:28 | Chimaera |
| 14:31 | Chimaera |
| 14:43 | Wisp |
| 14:43 | Wisp |
| 14:43 | Wisp |
| 15:08 | Wisp |
| 15:09 | Wisp |
| 15:09 | Wisp |
| 15:09 | Wisp |
| 15:09 | Wisp |
| 15:09 | Wisp |
| 15:15 | Moon Well |
| 15:17 | Moon Well |
| 15:19 | Advanced Reinforced Hides |
| 15:19 | Advanced Strength of the Wild |
| 15:23 | Moon Well |
| 15:29 | Chimaera |
| 15:52 | Ancient Protector |
| 15:54 | Ancient Protector |
| 15:58 | Ancient Protector |
| 16:12 | Chimaera |
| 16:18 | Moon Well |
| 16:29 | Chimaera |
| 17:46 | Chimaera |
| 19:21 | Chimaera |
| 19:21 | Chimaera |
| 19:21 | Chimaera |
| Right click | 221 |
| Select | 166 |
| Build/train/purchase | 82 |
| Use ability | 1 |
| Minimap ping | 1 |
⇛